 Dungeon Crawl Stone Soup version 0.26-a0-1035-g76280ab330 (webtiles) character file.

Game seed: 6699349617377286513

4 Dracia the Sneak (level 1, -1/18 HPs)
             Began as a Merfolk Delver on Dec 10, 2020.
             Slain by an orc
             ... wielding a +0 trident
              (7 damage)
             ... on level 5 of the Dungeon.
             The game lasted 00:00:12 (22 turns).

Dracia the Sneak (Merfolk Delver)                     Turns: 22, Time: 00:00:13

Health: -1/18      AC:  3    Str: 12    XL:     1   Next: 60%
Magic:  1/1        EV: 12    Int:  9    God:
Gold:   0          SH:  0    Dex: 15    Spells: 0/0 levels left

rFire    . . .     SeeInvis .   a - +0 spear
rCold    . . .     Faith    .   (no shield)
rNeg     . . .     Spirit   .   b - +0 leather armour
rPois    .         Reflect  .   (no helmet)
rElec    .         Harm     .   (no cloak)
rCorr    .         Rampage  .   (no gloves)
Will     .....                  (no boots)
Stlth    +++.......             (no amulet)
HPRegen  0.06/turn              (no ring)
MPRegen  0.07/turn              (no ring)

@: no status effects
A: change form in water, swift swim, stealthy swim
a: no special abilities


You were on level 5 of the Dungeon.
You visited 1 branch of the dungeon, and saw 1 of its levels.


   Skills:
 - Level 3.2 Fighting
 + Level 3.6 Polearms
 - Level 2.6 Dodging
 - Level 5.4 Stealth


You couldn't memorise any spells.
You didn't know any spells.
Your spell library was empty.

Inventory:

Hand Weapons
 a - a +0 spear (weapon)
Armour
 b - a +0 leather armour (worn)
Jewellery
 h - a cursed ring of attention {unknown}
Wands
 g - a wand of digging (3)
Scrolls
 c - a scroll of fog
 d - a scroll of magic mapping
 e - a scroll of fear
Potions
 f - 2 potions of haste {@q3@q3}

Dungeon Overview and Level Annotations

Branches:
Dungeon (5/15)
 Temple: D:4-7

Altars:

##.####...
#?.......#
#.....##.# #
#.....##.# .#
#.....##.# .#
#..... #.#..#
#...####.#..####
#.....@oo.?.....
#.#.####o)..###.
#>#.........#
#.######....#
#.# ##..... #..
....... ###
#.##### .# .#


You could see 3 orcs.


Message History

An orc comes into view. It is wielding a +0 whip.
You see here a glowing ruby ring.
You reach to attack!
The helpless orc fails to defend itself.
You hit the orc.
The orc is almost dead.
You hit the orc.
You kill the orc!
The orc shouts! x3
You see here a glowing ruby ring.
h - a glowing ruby ring You hit the orc but do no damage.
You hit the orc.
You kill the orc!
The orc completely misses you.
You reach to attack!
You hit the orc.
The orc is heavily wounded.
The orc hits you from afar with a +0 trident.
The orc hits you with a +0 trident!
* * * LOW HITPOINT WARNING * * *
You see here a +0 whip.
You closely miss the orc.
The orc is heavily wounded.
You hit the orc but do no damage.
The orc is heavily wounded.
The orc barely misses you.
You closely miss the orc.
The orc is heavily wounded.
The orc hits you with a +0 trident!
You die...

Action                   || total
-------------------------++-------
Melee: Spear             ||     8
 Stab: Sleeping          ||     1
Dodge: Dodged            ||     2

Levels and vault maps discovered:
D:5:      layout_loops_ring, nicolae_overflow_crystal_walls,
          minmay_temple_entry_statues, uniq_menkaure

Notes
Turn   | Place    | Note
-------+----------+-------------------------------------------
     0 | D:5      | Dracia the Merfolk Delver began the quest for the Orb.
     0 | D:5      | Reached XP level 1. HP: 18/18 MP: 1/1
    22 | D:5      | Slain by an orc

Vanquished Creatures
  2 orcs (D:5)
2 creatures vanquished.

Table legend: (Time is in decaauts)
 A = Elapsed time spent in this place.
 B = Non-inter-level travel time spent in this place.
 C = Inter-level travel time spent in this place.
 D = Time resting spent in this place.
 E = Time spent auto-exploring this place.
 F = Levels seen in this place.
 G = Mean time per level.
                   A        B        C        D        E       F      G
               +--------+--------+--------+--------+--------+-----+--------+
         Total |     21 |     21 |      0 |      0 |      3 |   1 |   21.0 |
       Dungeon |     21 |     21 |      0 |      0 |      3 |   1 |   21.0 |
               +--------+--------+--------+--------+--------+-----+--------+

Top non-repeatable levels by time:
     D:5: 21 daAuts

Table legend:
 A = Non-vault XP
 B = Vault XP
 C = Vault XP percentage of total XP
 D = Non-vault monster count
 E = Vault monster count
 F = Vault count percentage of total count
                 A         B        C        D         E       F
            +---------+---------+-------+---------+---------+-------
      Total |       6 |       0 |   0.0 |       2 |       0 |   0.0
            +---------+---------+-------+---------+---------+-------
        D:5 |       6 |       0 |   0.0 |       2 |       0 |   0.0
            +---------+---------+-------+---------+---------+-------
